 Dungeon Crawl Stone Soup version 0.27-a0-1334-g2746e35aca (webtiles) character file.

Game seed: 8522251118116025963

487 Delamore the Covert (level 7, -4/43 (45) HPs)
             Began as an Octopode Brigand on June 26, 2021.
             Slain by a gnoll (12 damage)
             ... on level 3 of the Dungeon.
             The game lasted 00:03:34 (3639 turns).

Delamore the Covert (Octopode Brigand)              Turns: 3639, Time: 00:03:35

HP:   -4/43 (45)    AC:  1    Str: 10    XL:     7   Next: 13%
MP:   7/7           EV: 13    Int: 13    God:
Gold: 109           SH:  0    Dex: 16    Spells: 6/6 levels left

rFire    . . .     SeeInvis .   a - +2 dagger
rCold    . . .     Faith    .   (no shield)
rNeg     . . .     Spirit   .   (helmet restricted)
rPois    .         Reflect  .   (no amulet)
rElec    .         Harm     .   (no ring)
rCorr    .         Rampage  .   (no ring)
Will     .....                  (no ring)
Stlth    ++........             (no ring)
HPRegen  0.14/turn              (no ring)
MPRegen  0.10/turn              (no ring)
                                (no ring)
                                (no ring)

@: lit by a corona, glowing, lightly drained
A: almost no armour, amphibious, 8 rings, camouflage 1, gelatinous body 1,
(nimble swimmer 1), tentacles
a: no special abilities


You were on level 3 of the Dungeon.
You visited 1 branch of the dungeon, and saw 4 of its levels.

You collected 109 gold pieces.

Inventory:

Hand Weapons
 a - a +2 dagger (weapon)
Missiles
 b - 14 poisoned darts
 c - 8 curare-tipped darts (quivered)
Armour
 j - a +0 kite shield
Scrolls
 d - a scroll of vulnerability {unknown}
 e - a scroll of enchant armour {unknown}
 f - a scroll of holy word {unknown}
 g - 2 scrolls of identify {unknown}
 l - a scroll of fear {unknown}
Potions
 h - a potion of degeneration {unknown}
 i - a potion of might {unknown}
 k - 2 potions of lignification {unknown}


   Skills:
 + Level 2.9 Fighting
 * Level 4.4 Short Blades
 - Level 2.0 Throwing
 - Level 1.0 Dodging
 + Level 9.6 Stealth


You had 6 spell levels left.
You didn't know any spells.
Your spell library contained the following spells:

 Spells                   Type           Power      Damage    Failure   Level
 Animate Skeleton         Necr           0%         N/A       30%         1
 Magic Dart               Conj           0%         1d3       30%         1
 Pain                     Necr           0%         1d4       30%         1
 Blink                    Tloc           N/A        N/A       43%         2
 Call Imp                 Summ           0%         N/A       43%         2
 Slow                     Hex            0%         N/A       43%         2
 Conjure Flame            Conj/Fire      0%         6-21      67%         3
 Mephitic Cloud           Conj/Pois/Air  0%         N/A       67%         3
 Vampiric Draining        Necr           0%         2d6       67%         3
 Animate Dead             Necr           0%         N/A       97%         4
 Agony                    Necr           0%         N/A       100%        5


Dungeon Overview and Level Annotations

Branches:
Dungeon (4/15)
 Temple: D:4-7

Altars:
Nemelex Xobeh


Innate Abilities, Weirdness & Mutations

You cannot wear most types of armour.
You are amphibious.
You can wear up to eight rings at the same time.
Your skin changes colour to match your surroundings (Stealth+).
Your rubbery body absorbs attacks. (AC +1, EV +1)
((You are camouflaged near water. (Stealth+)))
You have tentacles for arms and can constrict up to eight enemies at once.


Message History

The gnoll looks more healthy.
The gnoll hits you with a +0 club.
You climb upwards.
There is a stone staircase leading down here.
You can't go up here!
You hit the gnoll. You grab the gnoll. You squeeze the gnoll.
You kill the gnoll!
You start resting.
HP restored.
You climb downwards.
There is a stone staircase leading up, spattered with blood here.
The gnoll shaman calls down the wrath of its god upon you.
You are outlined in light.
The gnoll hits you with a +0 flail!
You climb upwards.
There is a stone staircase leading down here.
You hit the gnoll shaman but do no damage.
You grab the gnoll shaman.
You constrict the gnoll shaman, but do no damage.
The gnoll hits you with a +0 flail! The gnoll shaman completely misses you.
You barely miss the gnoll shaman. You constrict the gnoll shaman.
The gnoll hits you with a +0 flail!
The gnoll shaman hits you with a +0 club!
* * * LOW HITPOINT WARNING * * *
You release your grip on the gnoll shaman.
The gnoll barely misses you.
The gnoll shaman calls upon its god to speed up the gnoll.
The gnoll seems to speed up.
The gnoll hits you with a +0 flail.
* * * LOW HITPOINT WARNING * * *
The gnoll misses you.
Throw: 9 darts (curare)
Press: ? - help, Q - select action, (/) - cycle Shift-Dir - straight line, f - gnoll
Aim: a gnoll, wielding a +0 flail (fast, 65% to hit)
You throw a curare-tipped dart.
The curare-tipped dart barely misses the gnoll.
The curare-tipped dart hits the gnoll shaman.
The gnoll shaman is poisoned.
The gnoll shaman convulses.
The gnoll shaman seems to slow down.
The gnoll shaman is moderately wounded.
The gnoll hits you with a +0 flail!
You die...

#.###..####...........# ##.####
#.# #[[# #.>.........# #.# #.#
#..# #...........# #.# #.# #..#
#......##...# #.#
#.###..####.......#...####.#
#..>).............#........#
#..##..####...........##########
#.g###.####....g...<............
#..#.......g...@......##########
#....###'###..##.##...#
#....#.....#..........#
#....#.....#..........#
##...#.._..#.###.######
#.#.#.....#.# #.# #.#.#.....#.#
#.# #...#######.# #.#
#...........# #.##


You could see a gnoll shaman (very poisoned, slow) and a gnoll (fast).

Vanquished Creatures
  Sigmund (D:2)
  A necrophage (D:4)
  A scorpion (D:4)
  A hound (D:4)
  A gnoll (D:3)
  3 adders (D:2)
  An adder skeleton (D:4)
  7 worms
  7 orcs
  4 ball pythons
  6 bats
  7 endoplasms
  4 giant cockroaches
  4 goblins
  6 hobgoblins
  7 jackals (D:1)
  2 quokkas (D:1)
  3 kobolds
  5 rats
71 creatures vanquished.

Notes
Turn   | Place    | Note
-------+----------+-------------------------------------------
     0 | D:1      | Delamore the Octopode Brigand began the quest for the Orb.
     0 | D:1      | Reached XP level 1. HP: 14/14 MP: 1/1
   140 | D:1      | Found a faded altar of an unknown god.
   298 | D:1      | Reached XP level 2. HP: 19/19 MP: 2/2
   354 | D:1      | Reached skill level 6 in Stealth
   614 | D:1      | Reached XP level 3. HP: 3/24 MP: 3/3
   972 | D:1      | You fall into a shaft and drop 1 floor!
  1074 | D:2      | Noticed Sigmund
  1086 | D:2      | Killed Sigmund
  1087 | D:2      | Reached skill level 8 in Stealth
  1087 | D:2      | Reached XP level 4. HP: 26/30 MP: 4/4
  1087 | D:2      | Reached XP level 5. HP: 31/35 MP: 5/5
  1153 | D:2      | Reached XP level 6. HP: 41/41 MP: 6/6
  2438 | D:3      | Found a sparkling altar of Nemelex Xobeh.
  3070 | D:4      | Reached skill level 9 in Stealth
  3212 | D:4      | Noticed a necrophage
  3223 | D:4      | Killed a necrophage
  3224 | D:4      | Reached XP level 7. HP: 18/43 MP: 7/7
  3639 | D:3      | Slain by a gnoll

Illustrated notes

Levels and vault maps discovered:
D:1:      minmay_arrival_pointy, layout_loops_ring, ebering_ecumenical_altar_box
D:2:      layout_basic, uniq_sigmund
D:3:      layout_loops_ring, amcnicky_altar_gilded
D:4:      layout_rooms

Skill      XL: |  1  2  3  4  5  6 |
---------------+-------------------+-----
Stealth        | 6 8 9 |  9.6
Short Blades   | 3 4 |  4.4
Fighting       | |  2.9
Throwing       | |  2.0
Dodging        | |  1.0

Action                   |  1- 3 |  4- 6 |  7- 9 || total
-------------------------+-------+-------+-------++-------
Melee: Dagger            |    45 |    92 |     6 ||   143
       Constrict         |     8 |    21 |     2 ||    31
       Tentacles         |     5 |    20 |     1 ||    26
Throw: Dart              |    10 |     7 |     4 ||    21
 Stab: Sleeping          |    14 |    16 |     1 ||    31
       Distracted        |       |     1 |       ||     1
Armor: Skin              |     2 |     3 |       ||     5
Dodge: Dodged            |    22 |    28 |     4 ||    54

Table legend: (Time is in decaauts)
 A = Elapsed time spent in this place.
 B = Non-inter-level travel time spent in this place.
 C = Inter-level travel time spent in this place.
 D = Time resting spent in this place.
 E = Time spent auto-exploring this place.
 F = Levels seen in this place.
 G = Mean time per level.
                   A        B        C        D        E       F      G
               +--------+--------+--------+--------+--------+-----+--------+
         Total |   3615 |   3507 |    108 |    651 |   2379 |   4 |  903.8 |
       Dungeon |   3615 |   3507 |    108 |    651 |   2379 |   4 |  903.8 |
               +--------+--------+--------+--------+--------+-----+--------+

Top non-repeatable levels by time:
     D:1: 1186 daAuts
     D:2: 1110 daAuts
     D:3: 915 daAuts
     D:4: 402 daAuts
